 Dungeon Crawl Stone Soup version 0.31-a0-640-g39d97e502b (webtiles) character file.

Game seed: 17957146558661065047

77 qw the Shooter (level 4, -9/28 HPs)
             Began as a Gargoyle Hunter on Aug 27, 2023.
             Killed from afar by an orc wizard (11 damage)
             ... with a puff of flame
             ... on level 3 of the Dungeon.
             The game lasted 00:00:37 (2016 turns).

qw the Shooter (Gargoyle Hunter)                    Turns: 2016, Time: 00:00:37

Health: -9/28      AC: 10    Str: 15    XL:     4   Next: 33%
Magic:  4/4        EV: 11    Int:  9    God:
Gold:   92         SH:  0    Dex: 15    Spells: 3/3 levels left

rFire   . . .        Y - +2 orcbow
rCold   . . .        (shield currently unavailable)
rNeg    + . .        e - +0 ring mail
rPois   inf          (no helmet)
rElec   +            (no cloak)
rCorr   .            h - +0 pair of gloves
SInv    .            (no boots)
Will    .....        (no amulet)
Stlth   +            (no ring)
HPRegen 0.24/turn    (no ring)
MPRegen 0.09/turn

%: no passive effects
@: no status effects
A: sickness immunity, AC +3, negative energy resistance 1, electricity
resistance, torment resistance 1, petrification resistance
a: no special abilities


You were on level 3 of the Dungeon.
You visited 1 branch of the dungeon, and saw 3 of its levels.

You collected 92 gold pieces.


Innate Abilities, Weirdness & Mutations

You are immune to sickness and miasma.
Your stone body is resilient. (AC +3)
You are immune to poison.
You resist negative energy. (rN+)
You are resistant to electric shocks. (rElec)
You are resistant to unholy torment.
You are immune to petrification.


   Skills:
 - Level 3.0 Fighting
 + Level 5.0 Ranged Weapons
 - Level 1.5 Armour
 - Level 1.5 Dodging
 - Level 1.1 Stealth


You had 3 spell levels left.
You didn't know any spells.
Your spell library was empty.

Inventory:

Hand Weapons
 Y - a +2 orcbow (weapon)
Armour
 e - a +0 ring mail (worn)
 h - a +0 pair of gloves (worn)
Scrolls
 g - a scroll of identify
Potions
 a - a potion of lignification {unknown}
 b - 2 potions of might {unknown}
 d - a potion of brilliance {unknown}
 f - 2 potions of cancellation

Dungeon Overview and Level Annotations

Branches:
Dungeon (3/15)

Altars:


Message History

The orc wizard barely misses you.
The orc wizard hits you but does no damage.
You shoot an arrow. The arrow hits the orc wizard!
The orc wizard is almost dead.
The orc wizard closely misses you. The worm bites you but does no damage.
You shoot an arrow. The arrow barely misses the orc wizard.
The orc wizard gestures at you while chanting.
You are confused.
The orc shouts!
The orc wizard hits you with a +0 dagger.
The worm bites you. The orc wizard misses you.
The worm bites you but does no damage. The orc wizard barely misses you.
The orc wizard closely misses you. The worm misses you.
The orc wizard closely misses you.
An adder comes into view.
The adder hisses angrily.
The orc wizard closely misses you. The worm bites you.
You feel less confused.
The orc wizard gestures at you while chanting.
The magic dart hits you. The worm bites you but does no damage.
Enter note:
Enter note:
2013 ||| Stepping ~*~*~tactically~*~*~ (retreating).
You shoot an arrow. The arrow hits the orc wizard.
The orc wizard is almost dead.
The orc wizard hits you but does no damage.
The orc unwields a +0 sling.
The orc wields a +0 whip.
The orc hits you but does no damage.
The orc wizard mumbles some strange words.
The orc wizard flickers and vanishes!
Deactivating autopickup; reactivate with Ctrl-A.
You shoot an arrow. The arrow barely misses the orc.
Something hits you but does no damage. The orc hits you with a +0 whip.
You shoot an arrow. The arrow hits the orc.
The orc is severely wounded.
You hear some strange, mumbled words.
A puff of flame appears from out of thin air!
The puff of flame hits you!
You die...

.. . ## #. ..
.####.
######.###.
......
#.@{w.)....
.....
###.#o...!...
...
#....S#..#.#.
# #. #.#.###
.... . #.#.
####.#...
......#.#.#.
#....#####
.##..#.#)..
#.####
.....<..#.
#.# #.##...##
#.# #..)...


You could see a worm, an adder and an orc.

Vanquished Creatures
  2 adders (D:2)
  2 worms
  2 dart slugs (D:2)
  5 orcs (D:3)
  5 bats
  3 endoplasms
  2 giant cockroaches (D:2)
  2 goblins
  A hobgoblin (D:1)
  4 jackals (D:1)
  2 quokkas
  2 ball pythons
  3 frilled lizards
  4 kobolds
  3 rats (D:1)
42 creatures vanquished.

Notes
Turn   | Place    | Note
-------+----------+-------------------------------------------
     0 | D:1      | qw the Gargoyle Hunter began the quest for the Orb.
     0 | D:1      | Reached XP level 1. HP: 12/12 MP: 1/1
     0 | D:1      | 0 ||| qw: Version: 0.3-a-74-g0d5e918
     0 | D:1      | 0 ||| qw: Game counter: 136
     0 | D:1      | 0 ||| qw: Melee chars always use a shield: true
     0 | D:1      | 0 ||| qw: God list: Okawaru
     0 | D:1      | 0 ||| qw: Allow faded altars: false
     0 | D:1      | 0 ||| qw: Do Orc after clearing Dungeon:15 true
     0 | D:1      | 0 ||| qw: Do second Lair branch before Depths: true
     0 | D:1      | 0 ||| qw: Lair rune preference: random
     0 | D:1      | 0 ||| qw: Goals: Normal
     0 | D:1      | 0 ||| PLANNING D:1-11
   146 | D:1      | 146 ||| SWAPPING to +0 orcbow.
   149 | D:1      | 149 ||| DROPPING +0 shortbow.
   341 | D:1      | Reached XP level 2. HP: 17/17 MP: 2/2
   746 | D:1      | Found a faded altar of an unknown god.
   803 | D:1      | 803 ||| UPGRADING to +0 ring mail.
   813 | D:1      | 813 ||| DROPPING +0 leather armour.
   814 | D:1      | 814 ||| UPGRADING to +0 pair of gloves.
   819 | D:1      | 819 ||| READING 2 scrolls labelled ZICVOQATUM.
   820 | D:1      | 820 ||| READING scroll labelled BUSMACS JIFF.
   824 | D:1      | 824 ||| READING scroll labelled TEIBOMADUU.
   825 | D:1      | 825 ||| READING scroll labelled HAZ CECIRATUM.
   826 | D:1      | 826 ||| DRINKING 2 bubbling amethyst potions.
   827 | D:1      | 827 ||| DROPPING scroll of butterflies.
   944 | D:2      | Reached skill level 1 in Armour
   944 | D:2      | Reached XP level 3. HP: 21/21 MP: 3/3
  1189 | D:2      | Reached skill level 5 in Ranged Weapons
  1414 | D:2      | 1414 ||| READING scroll of enchant weapon.
  1414 | D:2      | 1414 ||| ENCHANTING +1 orcbow.
  1799 | D:2      | 1799 ||| READING scroll labelled EPIEFA PAMO.
  1826 | D:3      | Identified the +0 long sword of Recklessness {elec, SInv}
  1833 | D:3      | Reached XP level 4. HP: 27/27 MP: 4/4
  1985 | D:3      | Reached skill level 3 in Fighting
  2006 | D:3      | HP: 7/28 [worm (3)]
  2011 | D:3      | HP: 3/28 [worm (5)]
  2013 | D:3      | 2013 ||| Stepping ~*~*~tactically~*~*~ (retreating).
  2015 | D:3      | HP: 1/28 [orc/+0 whip (2)]
  2016 | D:3      | Killed from afar by an orc wizard

Levels and vault maps discovered:
D:1:      tarquinn_simple_flora_water_c, layout_basic,
          hellmonk_ecumenical_altar_inner_sanctum, nicolae_titane
D:2:      layout_basic
D:3:      layout_loops_cross, minmay_ruptured, uniq_jessica

Skill      XL: |  1  2  3  4 |
---------------+-------------+-----
Armour         | 1 |  1.5
Ranged Weapons | 5 |  5.0
Fighting       | 3 |  3.0
Dodging        | |  1.5
Stealth        | |  1.1

Action                     |  1- 3 |  4- 6 || total
---------------------------+-------+-------++-------
   Fire: Orcbow            |    83 |    35 ||   118
         Shortbow          |     6 |       ||     6
    Use: Scroll            |     6 |       ||     6
         Potion            |     1 |       ||     1
 Armour: Leather armour    |     6 |       ||     6
         Ring mail         |    12 |    14 ||    26
  Dodge: Dodged            |    29 |    13 ||    42

Table legend:
 A = Non-vault XP
 B = Vault XP
 C = Vault XP percentage of total XP
 D = Non-vault monster count
 E = Vault monster count
 F = Vault count percentage of total count
                 A         B        C        D         E       F
            +---------+---------+-------+---------+---------+-------
      Total |     103 |       7 |   6.4 |      39 |       3 |   7.1
            +---------+---------+-------+---------+---------+-------
        D:1 |      21 |       0 |   0.0 |      13 |       0 |   0.0
        D:2 |      59 |       0 |   0.0 |      17 |       0 |   0.0
        D:3 |      23 |       7 |  23.3 |       9 |       3 |  25.0
            +---------+---------+-------+---------+---------+-------
